 Dungeon Crawl Stone Soup version 0.31.0-1-g2c135a0 (webtiles) character file.

Game seed: 10527369126247450287

10494 Lynxxx the Fighter (level 11, -3/81 HPs)
             Began as a Minotaur Berserker on Mar 12, 2024.
             Was an Elder of Trog.
             Killed from afar by a will-o-the-wisp (19 damage)
             ... with a foxfire
             ... on level 2 of the Abyss.
             The game lasted 02:14:02 (9824 turns).

Lynxxx the Fighter (Minotaur Berserker)             Turns: 9824, Time: 02:14:02

Health: -3/81      AC: 26    Str: 27    XL:     11   Next: 36%
Magic:  10/10      EV:  9    Int:  4    God:    Trog [****..]
Gold:   665        SH:  8    Dex:  9    Spells: 10/10 levels left

rFire   . . .        a - +2 broad axe (holy)
rCold   . . .        n - +2 kite shield
rNeg    . . .        S - +0 plate armour
rPois   .            (helmet restricted)
rElec   .            H - +2 cloak
rCorr   +            h - +0 pair of gloves
SInv    .            J - +0 pair of boots
Will    ++...        (no amulet) Stlth
                     D - +4 ring of protection
HPRegen 1.33/turn    j - ring of resist corrosion
MPRegen 0.12/turn

%: no passive effects
@: strong-willed, on berserk cooldown, regenerating, slowed, very slow
A: horns 2, retaliatory headbutt, frail 2, shaggy fur 1, subdued magic 1
a: Renounce Religion, Berserk, Trog's Hand, Brothers in Arms


You were on level 2 of the Abyss.
You worshipped Trog.
Trog was greatly pleased with you.
You visited 4 branches of the dungeon, and saw 13 of its levels.
You visited the Abyss 1 time.

You collected 665 gold pieces.

Inventory:

Hand Weapons
 a - a +2 broad axe of holy wrath (weapon)
 f - a +2 battleaxe of flaming
 g - a +1 scimitar of flaming
 k - a +0 halberd
 l - a +2 short sword of draining
 p - a +2 trident of protection
 q - a +0 orcbow
 E - a +2 heavy flail
 I - a +2 mace of protection
 K - a +2 mace of protection
 M - a +0 flail of venom
Missiles
 V - an atropa-tipped dart (quivered)
Armour
 b - a +0 plate armour
 h - a +0 pair of gloves (worn)
 n - a +2 kite shield (worn)
 H - a +2 cloak (worn)
 J - a +0 pair of boots (worn)
 S - a +0 plate armour (worn)
Magical Staves
 r - a staff of death
Jewellery
 i - an amulet of reflection
 j - a ring of resist corrosion (right hand)
 m - an amulet of magic regeneration
 w - a +4 ring of protection
 x - an amulet of magic regeneration
 y - the amulet "Rogewk" {RegenMP rPois Str+4}
   (You found it on level 2 of the Dungeon)

   [amulet of magic regeneration]

   RegenMP:   It increases your rate of magic regeneration.
   Str+4:     It affects your strength (+4).
   rPois:     It protects you from poison
 C - an amulet of the acrobat
 D - a +4 ring of protection (left hand)
 N - a ring of positive energy
 Z - a +6 ring of intelligence
Talismans
 Q - a beast talisman
Wands
 c - a wand of roots (7)
 B - a wand of light (2)
 L - a wand of flame (20)
 O - a wand of polymorph (4)
Scrolls
 A - 4 scrolls of teleportation
Potions
 d - 2 potions of resistance
 e - 7 potions of haste
 o - a potion of ambrosia
 s - a potion of lignification
 u - a potion of berserk rage {unknown}
 z - 2 potions of brilliance {unknown}
 F - a potion of might {unknown}
 R - 2 potions of attraction {unknown}
 W - a potion of mutation {unknown}


   Skills:
 + Level 11.4 Fighting
 + Level 11.4 Axes
 + Level 11.1 Armour
 + Level 10.2 Dodging


You had 10 spell levels left.
You didn't know any spells.
Your spell library contained the following spells:

 Spells                   Type           Power      Damage    Failure   Level
 Magic Dart               Conj           0%         1d3       100%        1
 Blink                    Tloc           0%         N/A       100%        2
 Call Imp                 Summ           0%         N/A       100%        2
 Ensorcelled Hibernation  Hex/Ice        0%         N/A       100%        2
 Fugue of the Fallen      Necr           0%         N/A       100%        3
 Ozocubu's Armour         Ice            0%         N/A       100%        3
 Passwall                 Erth           0%         N/A       100%        3
 Swiftness                Air            0%         N/A       100%        3
 Manifold Assault         Tloc           0%         N/A       100%        4
 Dispersal                Tloc           0%         N/A       100%        6
 Disjunction              Tloc           0%         N/A       100%        8


Dungeon Overview and Level Annotations

Branches:
Dungeon (9/15)             Temple (1/1) D:6             Orc (2/2) D:9
    Elf (1/3) Orc:2
   Lair: D:8-11

Altars:
Ashenzari
Cheibriados
Dithmenos
Elyvilon
Fedhas
Gozag
Hepliaklqana
Kikubaaqudgha
Makhleb
Nemelex Xobeh
Okawaru
Qazlal
Ru
Sif Muna
Trog
Uskayaw
Vehumet
Wu Jian
Xom
Yredelemnul
Zin
The Shining One

Annotations:
Orc:2 Erolcha


Innate Abilities, Weirdness & Mutations

You have a pair of horns on your head.
You reflexively headbutt those who attack you in melee.
You are very frail. (-20% HP)
You are covered in fur. (AC +1)
Your spells are a little easier to cast, but a little less powerful.


Message History

The neqoxec hits you but does no damage.
The neqoxec gestures at you. Something gnaws on your mind!
You feel your power leaking away.
You hit the neqoxec.
You kill the neqoxec!
Trog accepts your kill.
You start resting.
Something hits you but does no damage.
Deactivating autopickup; reactivate with Ctrl-A.
You start resting.
Something hits you but does no damage.
You start resting.
Something hits you but does no damage. x2
You hit something but do no damage. Something hits you.
You closely miss something. Something hits you but does no damage.
You block something's attack.
You hit something.
Something hits you but does no damage. x2
You hit something. Something hits you. Something hits you but does no damage.
You hit something but do no damage.
You feel yourself speed up. Something hits you. Something drains your vigour!
You feel yourself slow down.
You barely miss something. Something hits you but does no damage.
Something hits you.
* * * LOW HITPOINT WARNING * * *
Something drains your vigour!
You feel as though you will be slow longer.
Your skin crawls.
You feel strong-willed. You block something's attack.
A will-o-the-wisp comes into view.
Something hits you but does no damage.
The will-o-the-wisp gives a chilling moan.
A bone dragon comes into view.
The will-o-the-wisp gestures.
The will-o-the-wisp conjures some marshlight!
Something hits you!
* * * LOW HITPOINT WARNING * * *
Something drains your vigour!
You feel as though you will be slow longer. 2 foxfires come into view.
The foxfire hits you!!
You die...

. # . # ## . .#
. ##§. . .# . #
#...### .##..
#...##.@#......
#...v{...(D.
#..((...§.....(.
(..###...§v.....
(# ##...§(..#
##..§§..#
#..§v...
.....§.#(.
.........


You could see a bone dragon and a will-o-the-wisp.

Vanquished Creatures
  A rakshasa (Abyss:1)
  A fenstrider witch zombie (Abyss:2)
  Erica (D:8)
  2 orc knights
  An orc sorcerer (D:8)
  A shining eye (Abyss:1)
  Joseph (D:8)
  A kobold blastminer (Orc:1)
  Grinder (D:6)
  3 yaks (D:9)
  5 wargs
  A neqoxec (Abyss:2)
  A water moccasin (D:7)
  16 orc warriors
  An ogre (D:6)
  2 black bears
  6 laughing skulls (Abyss:2)
  A phantom (D:4)
  A kobold brigand (D:6)
  4 bullfrogs (D:7)
  A scorpion (D:5)
  3 small abominations
  9 killer bees (D:8)
  7 howler monkeys
  3 hounds
  2 bombardier beetles
  2 jellies
  7 orc priests
  5 iguanas
  10 orc wizards
  3 gnolls (D:2)
  9 adders
  6 ufetubi
  4 dart slugs
  2 ribbon worms
  41 orcs
  11 ball pythons
  12 endoplasms
  4 giant cockroaches
  9 goblins
  6 hobgoblins
  11 kobolds
  6 quokkas
  4 bats
  5 frilled lizards
  5 rats
238 creatures vanquished.

Vanquished Creatures (collateral kills)
  A steam dragon (D:8)
  A bullfrog (D:8)
2 creatures vanquished.

Grand Total: 240 creatures vanquished

Notes
Turn   | Place    | Note
-------+----------+-------------------------------------------
     0 | D:1      | Lynxxx the Minotaur Berserker began the quest for the Orb.
     0 | D:1      | Reached XP level 1. HP: 19/19 MP: 0/0
   214 | D:1      | Reached XP level 2. HP: 27/27 MP: 1/1
   332 | D:1      | Found a faded altar of an unknown god.
   626 | D:1      | Reached XP level 3. HP: 33/33 MP: 2/2
   849 | D:2      | Reached ** piety under Trog
   909 | D:2      | Reached XP level 4. HP: 38/40 MP: 3/3
  1308 | D:2      | Identified the amulet "Rogewk" {RegenMP rPois Str+4}
  1546 | D:2      | Found a glowing silver altar of Zin.
  2009 | D:3      | Reached XP level 5. HP: 33/47 MP: 4/4
  2499 | D:3      | Found a bloodstained altar of Trog.
  2952 | D:4      | Reached *** piety under Trog
  3048 | D:4      | Reached skill level 5 in Fighting
  3048 | D:4      | Reached skill level 5 in Axes
  3165 | D:4      | Noticed a phantom
  3184 | D:4      | Killed a phantom
  3185 | D:4      | Reached XP level 6. HP: 40/56 MP: 5/5
  4396 | D:5      | Entered Level 5 of the Dungeon
  4446 | D:5      | Reached skill level 5 in Armour
  4446 | D:5      | Reached XP level 7. HP: 60/62 MP: 6/6
  5017 | D:5      | Identified a scroll of acquirement
  5017 | D:5      | Acquired a +0 broad axe of holy wrath
  5122 | D:6      | Reached skill level 5 in Dodging
  5159 | D:6      | Found a staircase to the Ecumenical Temple.
  5179 | Temple   | Entered the Ecumenical Temple
  5635 | D:6      | Noticed Grinder
  5637 | D:6      | Paralysed by Grinder for 5 turns
  5649 | D:6      | Killed Grinder
  5650 | D:6      | Reached XP level 8. HP: 71/71 MP: 7/7
  6534 | D:7      | Reached **** piety under Trog
  7073 | D:8      | Reached XP level 9. HP: 72/81 MP: 8/8
  7165 | D:8      | Noticed Joseph
  7177 | D:8      | Killed Joseph
  7726 | D:8      | Noticed Erica
  7762 | D:8      | Killed Erica
  8251 | D:9      | Found a staircase to the Orcish Mines.
  8258 | D:9      | Reached XP level 10. HP: 91/91 MP: 9/9
  8400 | Orc:1    | Entered Level 1 of the Orcish Mines
  8400 | Orc:1    | Noticed an orc sorcerer
  8417 | D:9      | Noticed a smoke demon
  8418 | D:9      | Paralysed by an orc sorcerer for 4 turns
  8423 | D:9      | Paralysed by an orc sorcerer for 2 turns
  8427 | D:8      | Killed an orc sorcerer
  8468 | Orc:1    | Noticed an orc knight
  8516 | Orc:1    | Reached skill level 10 in Axes
  8518 | Orc:1    | Killed an orc knight
  8519 | Orc:1    | Reached skill level 10 in Fighting
  8813 | Orc:1    | Noticed a kobold blastminer
  8877 | Orc:1    | Killed a kobold blastminer
  8878 | Orc:1    | Reached skill level 10 in Armour
  9357 | Orc:2    | Entered Level 2 of the Orcish Mines
  9363 | Orc:2    | Found a staircase to the Elven Halls.
  9363 | Orc:2    | Noticed an orc knight
  9388 | Orc:2    | Killed an orc knight
  9402 | Orc:2    | Reached XP level 11. HP: 67/101 MP: 10/10
  9495 | Elf:1    | Entered Level 1 of the Elven Halls
  9497 | Elf:1    | Noticed a deep elf zephyrmancer
  9497 | Elf:1    | Noticed a deep elf zephyrmancer
  9498 | Elf:1    | Noticed a deep elf pyromancer
  9500 | Elf:1    | Noticed a deep elf pyromancer
  9574 | Orc:2    | Noticed Erolcha
  9582 | Abyss:1  | Cast into level 1 of the Abyss (Erolcha)
  9628 | Abyss:1  | Noticed a rakshasa
  9642 | Abyss:1  | Killed a rakshasa
  9644 | Abyss:1  | Noticed a shining eye
  9645 | Abyss:1  | Gained mutation: You are frail. (-10% HP) [a shining eye]
  9648 | Abyss:1  | Gained mutation: You are covered in fur. (AC +1) [a shining
                  | eye]
  9652 | Abyss:1  | Gained mutation: You are very frail. (-20% HP) [a shining
                  | eye]
  9653 | Abyss:1  | Killed a shining eye
  9671 | Abyss:1  | Noticed a bone dragon
  9783 | Abyss:2  | Reached skill level 10 in Dodging
  9810 | Abyss:2  | Gained mutation: Your spells are a little easier to cast,
                  | but a little less powerful. [a neqoxec]
  9823 | Abyss:2  | Noticed a bone dragon
  9824 | Abyss:2  | Killed from afar by a will-o-the-wisp

Illustrated notes

Levels and vault maps discovered:
D:1:      matt_arrival_refuge, layout_loops_ring,
          hellmonk_ecumenical_altar_crossroads
D:2:      layout_basic, basic_altar, chequers_mini_garden,
          minmay_misc_feat_rows, serial_bayou_ford_a, minmay_joined_circles
D:3:      layout_basic, mainiacjoe_overflow_catwalk, grunt_ministairs_4
D:4:      layout_layer_cave
D:5:      layout_cave_pools
D:6:      layout_cave_pools, minmay_temple_entry_gardened_gates, nrook_campfire,
          uniq_grinder
D:7:      layout_cave_pools, nicolae_benzene_ring, hangedman_decor_slide_cut,
          grunt_decor_arrowhead, grunt_ministairs_10
D:8:      layout_basic, uniq_erica, uniq_joseph
D:9:      layout_basic, uniq_prince_ribbit1
Temple:   regret_index_temple_sigil_plot
Orc:1:    layout_caves
Orc:2:    st_orc_mages, layout_diamond_mine, uniq_erolcha
Elf:1:    eino_elf_arrival_shootout, layout_loops_corners, serial_shops,
          nicolae_shop_tiny_statue_garden, hangedman_elven_crosses_minicolossus
Abyss:2:  base: D:9, hangedman_abyss_overflow_altar

Skill      XL: |  1  2  3  4  5  6  7  8  9 10 11 |
---------------+----------------------------------+-----
Fighting       | 4 5 6 8 9 10 11 | 11.4
Axes           | 4 5 6 8 9 10 11 | 11.4
Armour         | 3 4 5 6 7 9 10 11 | 11.1
Dodging        | 3 4 5 6 8 9 10 | 10.2

Action                     |  1- 3 |  4- 6 |  7- 9 | 10-12 || total
---------------------------+-------+-------+-------+-------++-------
  Melee: Hand axe          |    65 |   126 |    28 |       ||   219
         Headbutt          |    10 |    13 |    28 |    25 ||    76
         Punch             |       |     1 |       |       ||     1
         Broad axe         |       |       |   130 |   136 ||   266
  Throw: Dart              |    14 |    78 |    86 |    20 ||   198
         Stone             |    16 |    32 |    41 |       ||    89
         Boomerang         |       |     6 |       |       ||     6
         Throwing net      |       |       |     1 |     1 ||     2
         Javelin           |       |       |       |    11 ||    11
 Invoke: Trog's Hand       |       |       |     9 |     8 ||    17
         Berserk           |       |       |     6 |     7 ||    13
         Brothers in Arms  |       |       |     1 |       ||     1
    Use: Scroll            |     3 |    14 |    13 |     2 ||    32
         Potion            |       |       |     4 |     4 ||     8
   Stab: Distracted        |       |       |       |     1 ||     1
 Armour: Animal skin       |    23 |    10 |       |       ||    33
         Chain mail        |       |    92 |    46 |       ||   138
         Plate armour      |       |       |   122 |   239 ||   361
  Dodge: Dodged            |    41 |    93 |    91 |    80 ||   305
  Block: Other             |     5 |     5 |       |       ||    10
         Reflection        |       |     1 |       |       ||     1
         Kite shield       |       |       |    18 |   112 ||   130
